 Dungeon Crawl Stone Soup version 0.19.1-1-g22dce08 (webtiles) character file.

322 lorenzova the Ducker (level 6, -2/53 HPs)
             Began as a Troll Monk on Jan 7, 2017.
             Slain by Sigmund
             ... wielding a +0 scythe
              (11 damage)
             ... on level 4 of the Dungeon on Jan 8, 2017.
             The game lasted 00:08:16 (2823 turns).

lorenzova the Ducker (Troll Monk)                   Turns: 2823, Time: 00:08:16

Health: -2/53      AC:  5    Str: 21    XL:     6   Next: 22%
Magic:  5/5        EV: 12    Int:  6    God:
Gold:   213        SH:  0    Dex: 13    Spells: 0 memorised, 5 levels left

rFire  . . .     SeeInvis .       - Unarmed
rCold  . . .     Gourm    +     a - +0 robe
rNeg   . . .     Faith    .     (no shield)
rPois  .         Spirit   .     (helmet restricted)
rElec  .         Reflect  .     (no cloak)
rCorr  .         Harm     .     (gloves unavailable)
MR     .....                    (boots unavailable)
Stlth  ++........               e - amulet of magic regeneration
                                (no ring)
                                (no ring)

@: no status effects
A: unfitting armour, claws 3, fast metabolism 3, frail 1, gourmand, regeneration
1, shaggy fur 1, tough skin 2
a: no special abilities


You were on level 4 of the Dungeon.
You were not hungry.

You visited 1 branch of the dungeon, and saw 4 of its levels.

You collected 213 gold pieces.

Inventory:

Hand Weapons
 j - a +3 mace
Armour
 a - a +0 robe (worn)
Jewellery
 e - an amulet of magic regeneration (around neck)
Scrolls
 d - a scroll of fog {unknown}
 h - a scroll of remove curse
 l - 2 scrolls of recharging {unknown}
 n - a scroll of noise {unknown}
Potions
 c - 2 potions of cure mutation {unknown}
 g - a potion of heal wounds {unknown}
 i - 2 potions of agility {unknown}
 m - a potion of mutation {unknown}
Comestibles
 b - 5 bread rations
 f - 2 fruits
 k - a slice of pizza
 o - a meat ration


   Skills:
 - Level 2.4 Fighting
 * Level 4.9 Dodging
 - Level 1.0 Stealth
 + Level 4.8 Unarmed Combat


You had 5 spell levels left.
You didn't know any spells.

Dungeon Overview and Level Annotations

Branches:
Dungeon (4/15)
 Temple: D:4-7

Altars:
Fedhas
Yredelemnul
The Shining One

Annotations:
D:4 Sigmund


Innate Abilities, Weirdness & Mutations

You are too large for most types of armour.
You have claws for hands.
Your metabolism is lightning-fast.
You like to eat raw meat.
Your natural rate of healing is unusually fast.
You are covered in fur. (AC +1)
You have very tough skin. (AC +2)
You are frail. (-10% HP)


Message History

* * * LOW HITPOINT WARNING * * *
You closely miss something. You claw something!
You hear some strange, mumbled words.
You are confused.
Something hits you but does no damage.
Items here: )) †† a dagger; a club; a goblin corpse x2
You bump into the rock wall.
You bump into the rock wall.
Something completely misses you.
You hear the slow hiss of a very distant avalanche of sand.
Something hits you.
* * * LOW HITPOINT WARNING * * *
Items here: ) / [[ † an enchanted club; an animal skin; a helmet; a short brass wand the hobgoblin corpse of Robin You barely miss something.
You scratch something.
You feel less confused. Something hits you!
You die...

#.# #.# ♣. ##'## . #
##...## .♣. ##.....##
... ##......!##
####.####
###.........####........
..'.........'.))....##
###.........####@[...#
##.......## #{....#
##.....## #.....#
##...## ##...## ##+##
##.# .# #


There were no monsters in sight!

Vanquished Creatures
  A water moccasin skeleton (D:4)
  2 hounds (D:4)
  Crazy Yiuf (D:2)
  A worker ant (D:4)
  Robin (D:4)
  2 adders (D:2)
  5 gnolls
  An ooze (D:1)
  3 worms
  3 dart slugs
  3 orcs (D:3)
  5 bats
  A giant cockroach (D:1)
  8 hobgoblins
  8 kobolds
  3 quokkas (D:2)
  2 ball pythons (D:1)
  2 frilled lizards
  14 goblins
  4 rats
70 creatures vanquished.

Notes
Turn   | Place    | Note
-------+----------+-------------------------------------------
     0 | D:1      | lorenzova the Troll Monk began the quest for the Orb.
     0 | D:1      | Reached XP level 1. HP: 22/22 MP: 0/0
   140 | D:1      | Reached XP level 2. HP: 29/29 MP: 1/1
   592 | D:1      | Reached XP level 3. HP: 24/36 MP: 2/2
   858 | D:2      | Found a runed door.
   862 | D:2      | Noticed Crazy Yiuf
   870 | D:2      | Killed Crazy Yiuf
   870 | D:2      | Reached XP level 4. HP: 21/44 MP: 3/3
   962 | D:2      | Gained mutation: You are frail. (-10% HP) [mutagenic glow]
  1533 | D:2      | Reached XP level 5. HP: 45/45 MP: 4/4
  1558 | D:3      | Found a basalt altar of Yredelemnul.
  1839 | D:3      | Found a blossoming altar of Fedhas.
  1846 | D:3      | Found a glowing golden altar of the Shining One.
  2688 | D:4      | Reached XP level 6. HP: 21/53 MP: 5/5
  2794 | D:4      | Noticed Robin
  2806 | D:4      | Noticed Sigmund
  2809 | D:4      | Killed Robin
  2823 | D:4      | Slain by Sigmund

Skill      XL: |  1  2  3  4 |
---------------+-------------+-----
Dodging        | 3 4 |  4.9
Unarmed Combat | 4 |  4.8
Fighting       | |  2.4
Stealth        | |  1.0

Action                   |  1- 3 |  4- 6 || total
-------------------------+-------+-------++-------
Melee: Unarmed           |    62 |   137 ||   199
       Punch             |       |     3 ||     3
       Mace              |       |     1 ||     1
  Use: Scroll            |       |     2 ||     2
 Stab: Sleeping          |     2 |     3 ||     5
  Eat: Chunk             |     5 |    19 ||    24
Armor: Robe              |    11 |    37 ||    48
Dodge: Dodged            |    18 |    80 ||    98
